Map: Tokamak LE

Players

Creator - Winner!

  • Race: Protoss Protoss
  • Spawn Location: 7:00

Percival

  • Race: Terran Terran
  • Spawn Location: 1:00

VOD

Have the link to the VOD?

Description

Time

  • Played on: Aug. 24, 2025, 6:07 a.m.
  • Length: 7:48
Show
View Real Time Build Order
Export as new Build Order

Creator Protoss - Winner!

Build Orders: 1 Gate Expand, Blink Stalkers 

Get SALT Encoding   

  12  0:00  Probe  
  13  0:12  Probe  
  14  0:17  Pylon  
  14  0:23  Probe  
  15  0:31  Probe  
  15  0:36  Gateway  
  15  0:40  Probe  
  16  0:47  Assimilator  
  17  0:51  Probe  
  18  1:03  Probe  
  19  1:15  Probe  
  20  1:23  Cybernetics Core  
  20  1:35  Nexus  
  20  1:39  Probe, Pylon  
  21  1:43  Assimilator  
  21  1:49  Adept  
  21  1:51  Probe  
  22  2:00  Warp Gate  
  24  2:03  Probe  
  24  2:07  Shield Battery  
  25  2:09  Adept  
  25  2:15  Probe  
  28  2:28  Twilight Council  
  28  2:29  Probe  
  29  2:37  Stalker  
  31  2:47  Probe  
  31  2:48  Shield Battery  
  32  2:52  Probe  
  33  3:06  Stalker  
  33  3:08  Blink  
  33  3:12  Probe  
  36  3:13  Probe  
  37  3:21  Gateway  
  37  3:23  Probe x2  
  39  3:31  Probe x2  
  39  3:40  Probe  
  39  3:41  Probe  
  38  3:52  Probe  
  38  3:53  Probe  
  38  3:54  Pylon  
  40  3:57  Robotics Facility  
  40  3:59  Gateway  
  40  4:01  Probe  
  40  4:04  Probe  
  40  4:06  Stalker  
  40  4:09  Probe  
  44  4:17  Stalker, Probe  
  48  4:21  Probe  
  49  4:29  Probe, Pylon  
  48  4:34  Warp Prism  
  48  4:38  Stalker  
  48  4:41  Stalker  
  53  4:47  Probe x2  
  55  4:53  Stalker  
  55  4:58  Pylon  
  57  5:01  Probe  
  57  5:03  Stalker  
  57  5:05  Stalker  
  62  5:08  Assimilator  
  62  5:12  Assimilator  
  62  5:14  Pylon  
  62  5:16  Observer  
  63  5:28  Stalker x2  
  63  5:29  Stalker  
  63  5:30  Probe  
  62  5:57  Stalker x3  
  62  5:59  Probe x2  
  62  6:02  Templar Archives  
  58  6:26  Stalker x3  
  58  6:29  Probe x2  
  58  6:31  Immortal  
  70  6:38  Nexus  
  66  6:50  Stalker x2  
  66  6:51  Stalker  
  72  6:56  Probe x2  
  70  7:08  Probe x2  
  72  7:09  Forge  
  72  7:11  Pylon  
  70  7:18  High Templar, Probe x2  
  70  7:21  Pylon  
  74  7:26  Probe x2  
  74  7:27  High Templar  
  76  7:32  Gateway  
  76  7:34  Probe x2  
Show
View Real Time Build Order
Export as new Build Order

Percival Terran 

Build Orders: Liberator Opening 

Get SALT Encoding   

  12  0:00  SCV  
  13  0:12  SCV  
  14  0:17  Supply Depot  
  14  0:24  SCV  
  14  0:28  Refinery  
  15  0:38  SCV  
  16  0:45  Barracks  
  16  0:50  SCV  
  17  1:02  SCV  
  18  1:04  Engineering Bay  
  18  1:14  SCV  
  20  1:33  Marine  
  20  1:35  Orbital Command  
  20  1:38  Factory  
  20  1:45  Supply Depot  
  20  1:51  Barracks Reactor  
  20  1:57  Bunker  
  21  2:01  SCV  
  21  2:13  SCV  
  22  2:20  Command Center  
  23  2:32  Hellion x2  
  26  2:38  Supply Depot  
  26  2:39  SCV  
  27  2:48  Starport  
  27  2:56  Hellion  
  29  2:59  Hellion  
  29  3:02  SCV  
  32  3:09  Refinery  
  32  3:15  SCV  
  33  3:25  Liberator  
  33  3:27  SCV  
  37  3:28  Marine  
  37  3:29  Factory Tech Lab  
  37  3:31  Marine  
  39  3:39  SCV  
  40  3:47  Marine  
  37  3:49  Marine  
  37  3:51  SCV  
  37  3:54  Orbital Command  
  39  3:58  Siege Tank  
  42  4:03  SCV  
  42  4:05  Bunker  
  43  4:10  Marine x2  
  43  4:11  Starport Tech Lab  
  45  4:17  Supply Depot  
  45  4:18  SCV  
  46  4:26  SCV  
  46  4:28  Marine x2  
  46  4:30  SCV  
  50  4:35  Siege Tank  
  53  4:39  SCV  
  53  4:42  SCV, Supply Depot  
  53  4:46  Raven  
  53  4:47  Marine  
  51  4:55  SCV x2  
  53  5:00  Barracks  
  53  5:05  Supply Depot  
  53  5:06  Barracks  
  53  5:07  Marine x2  
  53  5:10  SCV x2  
  57  5:15  Siege Tank  
  57  5:19  Refinery  
  60  5:21  Supply Depot  
  60  5:23  SCV  
  60  5:24  SCV  
  60  5:27  Marine x2  
  64  5:32  Starport Reactor  
  64  5:33  Engineering Bay  
  64  5:35  SCV  
  65  5:36  SCV  
  62  5:47  Siege Tank, SCV  
  62  5:49  SCV  
  63  5:55  Marine x2  
  60  5:59  SCV  
  60  6:03  Bunker  
  61  6:04  SCV, Refinery  
  61  6:09  Marine  
  58  6:11  SCV  
  58  6:13  Marine  
  58  6:14  Marine  
  57  6:19  SCV  
  57  6:23  SCV  
  55  6:27  Marauder  
  55  6:28  Bunker  
  55  6:32  SCV  
  58  6:36  Barracks Tech Lab  
  58  6:39  Siege Tank  
  60  6:40  Marine x2  
  60  6:41  SCV  
  60  6:44  SCV  
  58  6:53  SCV  
  57  6:56  SCV, Barracks Tech Lab  
  57  6:58  Marine x2  
  57  6:59  Marauder  
  55  7:05  SCV  
  55  7:08  SCV  
  51  7:11  Siege Tank  
  48  7:16  Marine x2  
  48  7:17  Marauder  
  48  7:19  SCV  
  48  7:20  SCV  
  53  7:26  Marauder  
  48  7:35  SCV x2  
Tags
 
Add a new tag
Caveats
  • Supply blocks, unpowered buildings, or Contaminate may cause inaccurate times.
  • Supply counts are checked every 10 seconds.